 Dungeon Crawl Stone Soup version 0.24.1-14-gf8d2b509d9 (webtiles) character file.

Game seed: 12511022362082680568, levelgen mode: deterministic

192 Chiseanne the Sneak (level 5, 0/43 HPs)
             Began as a Gnoll Wanderer on May 31, 2020.
             Was an Initiate of Gozag.
             Slain by a centaur (10 damage)
             ... on level 5 of the Dungeon.
             The game lasted 00:12:26 (2015 turns).

Chiseanne the Sneak (Gnoll Wanderer)                Turns: 2015, Time: 00:12:27

Health: 0/43       AC:  2    Str: 14    XL:     5   Next: 71%
Magic:  7/7        EV: 12    Int: 14    God:    Gozag
Gold:   87         SH:  0    Dex: 16    Spells: 7/7 levels left

rFire    . . .     SeeInvis .   a - +2 mace
rCold    . . .     Gourm    .   (no shield)
rNeg     . . .     Faith    .   e - +0 robe (curse)
rPois    .         Spirit   .   (no helmet)
rElec    .         Reflect  .   (no cloak)
rCorr    .         Harm     .   (no gloves)
MR       .....                  (no boots)
Stlth    +++.......             (no amulet)
HPRegen  0.14/turn              (no ring)
MPRegen  0.10/turn              (no ring)

@: gold aura
A: distributed training, fangs 1, strong nose
a: Potion Petition, Call Merchant, Bribe Branch, Renounce Religion


You were on level 5 of the Dungeon.
You worshipped Gozag.
Gozag was noncommittal.
You were full.

You visited 1 branch of the dungeon, and saw 5 of its levels.

You collected 139 gold pieces.
You paid 52 gold pieces to Gozag.

Inventory:

Hand Weapons
 a - a +2 mace (weapon)
Missiles
 d - 20 bolts
 i - 42 arrows
 o - 5 boomerangs (quivered)
Armour
 e - a cursed +0 robe (worn)
 k - a +0 ring mail
 m - a +0 ring mail
 p - a +0 scale mail
Scrolls
 b - 3 scrolls of teleportation
 j - a scroll of identify
 n - a scroll of immolation {unknown}
Potions
 c - a potion of lignification
 g - a potion of resistance
 h - a potion of brilliance {unknown}
 l - a potion of degeneration {unknown}
 q - 2 potions of mutation {unknown}
Comestibles
 f - 3 rations


   Skills:
 + Level 4.8 Fighting
 + Level 1.5 Short Blades
 + Level 1.5 Long Blades
 + Level 1.5 Axes
 + Level 4.8 Maces & Flails
 + Level 1.5 Polearms
 + Level 3.0 Staves
 + Level 1.5 Slings
 + Level 1.5 Bows
 + Level 1.5 Crossbows
 + Level 1.5 Throwing
 + Level 3.0 Armour
 + Level 1.5 Dodging
 + Level 6.1 Stealth
 + Level 1.5 Shields
 + Level 1.5 Unarmed Combat
 + Level 1.5 Spellcasting
 + Level 1.2 Conjurations
 + Level 1.2 Hexes
 + Level 1.2 Charms
 + Level 1.2 Summonings
 + Level 1.2 Necromancy
 + Level 1.2 Translocations
 + Level 1.2 Transmutations
 + Level 1.2 Fire Magic
 + Level 1.2 Ice Magic
 + Level 1.2 Air Magic
 + Level 1.2 Earth Magic
 + Level 1.2 Poison Magic
 + Level 1.7 Invocations
 + Level 3.0 Evocations


You had 7 spell levels left.
You didn't know any spells.
Your spell library was empty.

Dungeon Overview and Level Annotations

Branches:
Dungeon (5/15)
 Temple: D:4-7

Altars:
Gozag

Annotations:
D:3 Terence


Innate Abilities, Weirdness & Mutations

Your experience applies equally to all skills.
You have very sharp teeth.
Your uncanny sense of smell can sniff out nearby items.


Message History

The centaur is lightly wounded.
The centaur barely misses you. The centaur hits you.
You barely miss the centaur. Your bite misses the centaur.
The centaur is lightly wounded.
The centaur closely misses you. The centaur hits you!
You sock the centaur!
The centaur is heavily wounded.
The centaur hits you but does no damage.
You hit the centaur but do no damage.
The centaur is heavily wounded.
The howler monkey is no longer distracted by gold.
The centaur hits you. The centaur closely misses you.
The howler monkey closely misses you.
You sock the centaur! Your bite misses the centaur.
The centaur is almost dead.
The centaur hits you!
* * * LOW HITPOINT WARNING * * *
The howler monkey misses you. The centaur hits you!
You die...
Your body crumbles into a pile of gold.

#.# #.# #.#
#.# #(# #.#
#.# #.# #.#
#.# #.# #.#
#.# #.# #(#
#.#
########@##
#.#
#......hc.#
#.#
#.........#
#.#
#.).......#
#.#
#.........#
#.#
#.........#
#.#
#.........#
#.#
..........#
#.#
.!%.......#
#.#


You could see a centaur and a howler monkey.

Vanquished Creatures
  A water moccasin skeleton (D:4)
  A howler monkey (D:5)
  A crimson imp (D:5)
  A hound skeleton (D:4)
  2 adders
  An adder skeleton (D:4)
  5 leopard geckos
  An orc (D:3)
  A ball python (D:4)
  2 bats (D:1)
  A giant cockroach (D:1)
  2 goblins (D:3)
  4 hobgoblins (D:1)
  7 jackals (D:1)
  A kobold (D:3)
  5 frilled lizards
  A jackal zombie (D:5)
  5 rats (D:1)
42 creatures vanquished.

Notes
Turn   | Place    | Note
-------+----------+-------------------------------------------
     0 | D:1      | Chiseanne the Gnoll Wanderer began the quest for the Orb.
     0 | D:1      | Chiseanne set off with the following items: a +2 mace, a
                  | scroll of teleportation, a potion of lignification, a +0
                  | robe, a +0 dagger, a ration
     0 | D:1      | Reached XP level 1. HP: 20/20 MP: 2/2
    48 | D:1      | Chiseanne: sollte besser klappen
   127 | D:1      | Reached XP level 2. HP: 26/26 MP: 3/3
   357 | D:1      | Caphalor: wieviele wins hast du schon
   376 | D:1      | Chiseanne: klick mal auf meinen namen
   376 | D:1      | Chiseanne: kurz afk ..brb
   376 | D:1      | Caphalor: puh, da fühl ich mich ja erbärmlich
   376 | D:1      | Chiseanne: brauchst du nicht :D
   376 | D:1      | Chiseanne: spiel ist ein Arsch
   376 | D:1      | Chiseanne: und so viele hast du ja noch nciht gespielt
   376 | D:1      | Caphalor: ^^
   376 | D:1      | Chiseanne: ich würde an deiner stell erst einmal einen 3
                  | Runen Sieg anstreben
   376 | D:1      | Chiseanne: und probiere ruhig mal den gnoll aus , die sind
                  | am Anfang recht stark
   376 | D:1      | Chiseanne: gut für Anfänger wie mich lol
   599 | D:1      | Reached XP level 3. HP: 30/31 MP: 4/4
   640 | D:1      | Caphalor: Ich mag Herausforderungen. Sobald mir jemand
                  | sagt, dass ein Weg irgendwie leichter sein könnte reizt
                  | dieser mich dann nicht mehr ^^
   645 | D:1      | Reached skill level 6 in Stealth
   686 | D:1      | Caphalor: Ich habs lieber auf die harte Tour
   686 | D:1      | Chiseanne: ok verstanden, dann lass lieber die Finger von
                  | Spriggan Assasinen. die sind recht schwer
   686 | D:1      | Chiseanne: oh dann wirst du es lieben
   750 | D:1      | Caphalor: habe ich sogar mal gespielt! oder ich glaub es
                  | war ein spriggan enchanter
   753 | D:1      | Chiseanne: ja, sind spassig
   782 | D:1      | Reached skill level 1 in Invocations
  1081 | D:3      | Caphalor: ich will DeFe richtig spielen lernen. Wenn ich
                  | mal kein Bock auf Caster habe spiele ich meistens
                  | Demonspawn
  1124 | D:3      | Chiseanne: DS geben verdammt gute caster wenn sie die
                  | richtigen mods bekommen
  1131 | D:4      | Chiseanne: mein LieblingsWizzard sozusagen
  1133 | D:4      | Caphalor: die neuen mutation potions sind auch richtig cool
  1133 | D:4      | Chiseanne: wieso neu? was ist neu?
  1150 | D:3      | Reached skill level 1 in Short Blades
  1150 | D:3      | Reached skill level 1 in Long Blades
  1150 | D:3      | Reached skill level 1 in Axes
  1150 | D:3      | Reached skill level 1 in Polearms
  1150 | D:3      | Reached skill level 1 in Slings
  1150 | D:3      | Reached skill level 1 in Bows
  1150 | D:3      | Reached skill level 1 in Crossbows
  1150 | D:3      | Reached skill level 1 in Throwing
  1150 | D:3      | Reached skill level 1 in Dodging
  1150 | D:3      | Reached skill level 1 in Shields
  1150 | D:3      | Reached skill level 1 in Unarmed Combat
  1150 | D:3      | Reached skill level 1 in Spellcasting
  1150 | D:3      | Reached XP level 4. HP: 34/38 MP: 4/6
  1190 | D:3      | Caphalor: "neu"
  1190 | D:3      | Noticed Terence
  1203 | D:3      | Caphalor: ich hab ein paar jahre nicht gespielt
  1350 | D:4      | Caphalor: damals an der uni immer ein bisschen und jetzt
                  | seit letzter woche wieder
  1350 | D:4      | Chiseanne: ah ok
  1350 | D:4      | Chiseanne: aber irgenwie waren die schon immer so
  1373 | D:4      | Caphalor: die haben sich schon ziemlich geändert. jetzt
                  | entfernen sie ja 2-4 mods und fügen dir dann 1-3 neue zu
  1373 | D:4      | Caphalor: damals gab es 3 verschiedene pots glaube ich
  1373 | D:4      | Caphalor: und es gab auch mutierendes monsterfleisch
  1373 | D:4      | Chiseanne: oh das muss sehr früher gewesen sein. ich bin
                  | bei 0.9 glaube ich, zunächst offline, eingestiegen
  1373 | D:4      | Chiseanne: ja, stimmt
  1397 | D:4      | Noticed an ogre
  1404 | D:4      | Found an opulent altar of Gozag.
  1411 | D:4      | Became a worshipper of Gozag Ym Sagoz the Greedy
  1578 | D:4      | Reached skill level 1 in Conjurations
  1578 | D:4      | Reached skill level 1 in Hexes
  1578 | D:4      | Reached skill level 1 in Charms
  1578 | D:4      | Reached skill level 1 in Summonings
  1578 | D:4      | Reached skill level 1 in Necromancy
  1578 | D:4      | Reached skill level 1 in Translocations
  1578 | D:4      | Reached skill level 1 in Transmutations
  1578 | D:4      | Reached skill level 1 in Fire Magic
  1578 | D:4      | Reached skill level 1 in Ice Magic
  1578 | D:4      | Reached skill level 1 in Air Magic
  1578 | D:4      | Reached skill level 1 in Earth Magic
  1578 | D:4      | Reached skill level 1 in Poison Magic
  1771 | D:4      | Reached XP level 5. HP: 33/43 MP: 7/7
  1858 | D:4      | Caphalor: die neuen potions gibts seit 0.20
  1869 | D:4      | Noticed a phantom
  1870 | D:4      | Noticed an ogre
  1901 | D:5      | Entered Level 5 of the Dungeon
  1930 | D:5      | Chiseanne: hast du mal einen link zum nachlesen, weiss grad
                  | nicht was du meinst
  1971 | D:5      | Caphalor: http://crawl.chaosforge.org/Potion_of_mutation
  1976 | D:5      | Chiseanne: danke, ok hatte ich so gar nicht drauf geachtet
  1976 | D:5      | Chiseanne: glaube der unterschied unter dem strich ist
                  | marginal
  2003 | D:5      | Noticed a centaur
  2015 | D:5      | Slain by a centaur

Levels and vault maps discovered:
D:1:      mrwooster_arrival_statue_3, layout_loops_corners, minmay_octomino_j4
D:2:      layout_basic, minitemple, grunt_dithmenos_smoke_and_mirrors
D:3:      layout_loops_ring, marbit_many_paths, uniq_terence
D:4:      layout_basic, fedhas_altar_2, grunt_gozag_breadcrumbs, first_ration,
          okawaru_ov_weapons_minmay
D:5:      layout_basic, grunt_temple_overflow_holy_war,
          minmay_temple_entry_junction, portal_sewer_entry_f, serial_shops,
          shop, hex_intersection, uniq_duvessa, uniq_eustachio

Skill      XL: |  1  2  3  4  5 |
---------------+----------------+-----
Stealth        | 6 |  6.1
Invocations    | 1 |  1.7
Short Blades   | 1 |  1.5
Long Blades    | 1 |  1.5
Axes           | 1 |  1.5
Polearms       | 1 |  1.5
Slings         | 1 |  1.5
Bows           | 1 |  1.5
Crossbows      | 1 |  1.5
Throwing       | 1 |  1.5
Dodging        | 1 |  1.5
Shields        | 1 |  1.5
Unarmed Combat | 1 |  1.5
Spellcasting   | 1 |  1.5
Conjurations   | 1 |  1.2
Hexes          | 1 |  1.2
Charms         | 1 |  1.2
Summonings     | 1 |  1.2
Necromancy     | 1 |  1.2
Translocations | 1 |  1.2
Transmutations | 1 |  1.2
Fire Magic     | 1 |  1.2
Ice Magic      | 1 |  1.2
Air Magic      | 1 |  1.2
Earth Magic    | 1 |  1.2
Poison Magic   | 1 |  1.2
Staves         | 3 |  3.0
Armour         | 3 |  3.0
Evocations     | 3 |  3.0
Fighting       | |  4.8
Maces & Flails | |  4.8

Action                   |  1- 3 |  4- 6 || total
-------------------------+-------+-------++-------
Melee: Mace              |    83 |    35 ||   118
       Bite              |     7 |     2 ||     9
Throw: Boomerang         |       |     8 ||     8
  Use: Scroll            |     2 |     2 ||     4
 Stab: Sleeping          |     9 |     3 ||    12
  Eat: Ration            |       |     2 ||     2
       Chunk             |       |     1 ||     1
Armor: Robe              |    15 |     6 ||    21
Dodge: Dodged            |    51 |    34 ||    85
